 Dungeon Crawl Stone Soup version 0.31.0-7-gf635a9b802 (webtiles) character file.

Game seed: 6444079631932451868

9018 Daunt the Grappler (level 11, -10/102 (163) HPs)
             Began as a Troll Enchanter on Jan 23, 2024.
             Was a High Priest of Wu Jian.
             Mangled by Snorg (18 damage)
             ... on level 10 of the Dungeon.
             The game lasted 00:42:47 (9762 turns).

Daunt the Grappler (Troll Enchanter)                Turns: 9762, Time: 00:42:47

HP:   -10/102 (163) AC:  8    Str: 20    XL:     11   Next: 17%
MP:   11/11         EV: 16    Int: 11    God:    Wu Jian [*****.]
Gold: 777           SH:  5    Dex: 12    Spells: 12/12 levels left

rFire   . .          .
                       - Unarmed
rCold   . . .        (no shield)
rNeg    . . .        i - +1 steam dragon scales
rPois   .            D - +0 hat
rElec   .            (no cloak)
rCorr   .            (gloves unavailable)
SInv    .            (boots unavailable)
Will    .....        n - amulet of reflection Stlth
                     h - +5 ring of evasion
HPRegen 1.17/turn    C - +4 ring of slaying
MPRegen 0.12/turn

%: reflection
@: berserking (expiring), lethally poisoned (-10 -> -10), very heavily drained,
very quick
A: large, unfitting armour, claws 3, regeneration 1, shaggy fur 1, tough skin 1
a: Renounce Religion, Wall Jump, Serpent's Lash, Heavenly Storm


You were on level 10 of the Dungeon.
You worshipped Wu Jian.
Wu Jian was extremely pleased with you.
You visited 1 branch of the dungeon, and saw 10 of its levels.
You also visited: Bailey.

You collected 1388 gold pieces.
You spent 611 gold pieces at shops.

Inventory:

Missiles
 e - 85 stones (quivered)
 q - 7 boomerangs
 z - a throwing net
 E - 24 poisoned darts
 G - 34 javelins
Armour
 i - +1 steam dragon scales (worn)
 D - a +0 hat (worn)
Jewellery
 h - a +5 ring of evasion (left claw)
 n - an amulet of reflection (around neck)
 r - a ring of poison resistance
 B - a ring of protection from fire
 C - a +4 ring of slaying (right claw)
Wands
 b - a wand of mindburst (11)
 s - a wand of iceblast (6)
Scrolls
 a - a scroll of fear {unknown}
 j - 3 scrolls of fog
 m - 2 scrolls of poison
 t - 4 scrolls of silence
 u - a scroll of torment {unknown}
 w - 3 scrolls of revelation
 x - 3 scrolls of vulnerability
 y - a scroll of teleportation {unknown}
 F - a scroll of brand weapon {unknown}
 H - a scroll of butterflies {unknown}
 I - 2 scrolls of noise {unknown}
 K - 3 scrolls of enchant armour
Potions
 c - 3 potions of invisibility
 d - 3 potions of lignification
 f - 5 potions of mutation
 g - 3 potions of attraction
 k - 2 potions of might
 l - a potion of enlightenment
 o - 3 potions of haste
 p - 6 potions of curing
 v - a potion of cancellation
Miscellaneous
 J - a sack of spiders


   Skills:
 + Level 7.5 Fighting
 - Level 0.7 Short Blades
 + Level 0.1 Throwing
 + Level 4.4 Dodging
 - Level 1.5 Stealth
 * Level 13.8 Unarmed Combat
 - Level 1.2 Spellcasting
 - Level 2.0 Hexes
 - Level 1.0 Evocations


You had 12 spell levels left.
You didn't know any spells.
Your spell library contained the following spells:

 Spells                   Type           Power      Damage    Failure   Level
 Necrotise                Necr           0%         1d4       32%         1
 Ensorcelled Hibernation  Hex/Ice        4%         N/A       32%         2
 Confusing Touch          Hex            5%         N/A       38%         3
 Tukima's Dance           Hex            5%         N/A       38%         3
 Blink                    Tloc           0%         N/A       43%         2
 Cigotuvi's Dreadful Rot  Necr/Alch/Air  0%         N/A       43%         2
 Lesser Beckoning         Tloc           0%         N/A       43%         2
 Momentum Strike          Conj/Tloc      0%         3d8       43%         2
 Dazzling Flash           Conj/Hex       4%         N/A       54%         3
 Fugue of the Fallen      Necr           0%         N/A       67%         3
 Gell's Gravitas          Tloc           0%         N/A       67%         3
 Hailstorm                Conj/Ice       0%         3d5       67%         3
 Mephitic Cloud           Conj/Alch/Air  0%         N/A       67%         3
 Ozocubu's Armour         Ice            0%         N/A       67%         3
 Summon Ice Beast         Ice/Summ       0%         N/A       67%         3
 Teleport Other           Tloc           0%         N/A       67%         3
 Vampiric Draining        Necr           0%         2d6       67%         3
 Volatile Blastmotes      Fire/Tloc      0%         2d10      67%         3
 Manifold Assault         Tloc           0%         N/A       97%         4
 Silence                  Hex/Air        1%         N/A       99%         5
 Curse of Agony           Necr           0%         N/A       100%        5
 Dispersal                Tloc           0%         N/A       100%        6
 Sculpt Simulacrum        Ice/Alch       0%         N/A       100%        6
 Starburst                Conj/Fire      0%         6d3       100%        6
 Disjunction              Tloc           0%         N/A       100%        8
 Maxwell's Capacitive Co  Air            0%         ∞         100%        8


Dungeon Overview and Level Annotations

Branches:
Dungeon (10/15)            Temple (0/1) D:4            Lair (0/5) D:8
    Orc (0/2) D:10         Bailey (visited)

Altars:
Ashenzari
Cheibriados
Dithmenos
Kikubaaqudgha
Nemelex Xobeh
Okawaru
Qazlal
Ru
Uskayaw
Vehumet
Wu Jian
Yredelemnul

Shops:
D:9 :   D:10 [

Annotations:
D:8 Amaemon
D:10 Snorg


Innate Abilities, Weirdness & Mutations

You are too large for most types of armour.
You have claws for hands.
Your natural rate of healing is unusually fast.
You are covered in fur. (AC +1)
You have tough skin. (AC +1)


Message History

The killer bee stings you.
You are poisoned.
The killer bee poisons you!
You claw the killer bee!
You kill the killer bee!
The Council accepts your kill.
You feel sick.
Unknown command.
You lunge at Snorg.
You mangle Snorg!!
Snorg is moderately wounded.
You feel sick. You block Snorg's attack. Snorg claws you but does no damage.
Snorg barely misses you.
You see here a killer bee corpse.
You mangle Snorg!!
Snorg is heavily wounded.
You feel sick.
Snorg barely misses you. x2; Snorg closely misses you.
You claw Snorg! Your claw misses Snorg.
Snorg is heavily wounded.
Snorg closely misses you. Snorg claws you. Snorg claws you!
You mangle Snorg!!
Snorg is heavily wounded.
You feel sick. Snorg bites you but does no damage. Snorg claws you! x2
You eviscerate Snorg!!!
Snorg is almost dead.
You feel sick. Snorg bites you!!
* * * LOW HITPOINT WARNING * * *
Snorg misses you. You block Snorg's attack.
You claw Snorg!
Snorg is almost dead.
You barely miss Snorg.
Snorg is almost dead.
You feel sick. Snorg misses you. x2; Snorg claws you!
* * * LOW HITPOINT WARNING * * *
You closely miss Snorg.
Snorg is almost dead.
You block Snorg's attack. Snorg barely misses you. Snorg closely misses you.
You barely miss Snorg.
Snorg is almost dead.
You feel sick. Snorg bites you!!
You die...

#####** *,***
#####.#### .....,*
**+***** #........###
.....,***.,,,,,*
#..........#
.....,,,*..,,,,*
#........#.##
.>...,*,*...,,,*
#........#..#
.....,*,+....,,*
###........##..
.....,***.....,*
##..........###.
.....,*
*.....y###..#........#
## .....,*
*..%..yT@..###########
.....,* *......#####
#####** *#####**


You could see Snorg (berserk) and 2 killer bees.

Vanquished Creatures
  A gargoyle (D:7)
  A troll (D:10)
  A hornet (D:10)
  A shadow (D:9)
  A wraith (D:9)
  14 yaks
  A steam dragon (D:8)
  An acid dragon (D:9)
  A water moccasin (D:9)
  An ice beast (D:6)
  4 ogres
  A black bear (D:6)
  14 orc warriors
  2 wolves
  12 centaurs (Bailey)
  4 kobold brigands
  4 bullfrogs
  A gnoll sergeant (D:4)
  A scorpion (D:6)
  4 wights (D:7)
  3 yak zombies (D:9)
  3 killer bees (D:10)
  2 howler monkeys
  A wolf zombie (D:8)
  2 bullfrog zombies
  A centaur zombie (Bailey)
  A gnoll bouda (D:10)
  8 orc priests
  A black bear zombie (D:6)
  A bombardier beetle (D:4)
  6 hounds
  2 iguanas
  2 sleepcaps
  9 orc wizards
  An ogre zombie (D:9)
  6 adders
  15 gnolls
  4 river rats (D:5)
  2 white imps (D:6)
  4 ufetubi
  12 orc zombies
  An adder zombie (D:3)
  3 dart slugs
  5 ribbon worms
  76 orcs
  8 endoplasms
  2 giant cockroaches
  4 gnoll zombies
  19 goblins
  17 hobgoblins
  8 quokkas
  8 ball pythons
  6 bats
  4 frilled lizards
  A goblin zombie (D:4)
  2 hobgoblin zombies (D:4)
  24 kobolds
  6 kobold zombies
  A quokka zombie (D:3)
  8 rats
359 creatures vanquished.

Notes
Turn   | Place    | Note
-------+----------+-------------------------------------------
     0 | D:1      | Daunt the Troll Enchanter began the quest for the Orb.
     0 | D:1      | Reached XP level 1. HP: 16/16 MP: 1/1
    97 | D:1      | Reached skill level 1 in Unarmed Combat
   195 | D:1      | Reached XP level 2. HP: 24/24 MP: 2/2
   315 | D:1      | Reached skill level 2 in Unarmed Combat
   598 | D:1      | Reached XP level 3. HP: 31/31 MP: 3/3
   725 | D:1      | Reached skill level 3 in Unarmed Combat
   923 | D:2      | Found a faded altar of an unknown god.
   952 | D:2      | Prayed at the altar of an unknown god.
   952 | D:2      | Became a worshipper of Kikubaaqudgha
   952 | D:2      | Reached * piety under Kikubaaqudgha
   952 | D:2      | Received a gift from Kikubaaqudgha
   953 | D:2      | Fell from the grace of Kikubaaqudgha
  1116 | D:2      | Reached XP level 4. HP: 36/39 MP: 4/4
  1838 | D:2      | Reached skill level 4 in Unarmed Combat
  1902 | D:3      | Found a sparkling altar of Nemelex Xobeh.
  2118 | D:3      | Found an ornate altar of the Wu Jian Council.
  2122 | D:3      | Reached XP level 5. HP: 45/45 MP: 5/5
  2131 | D:3      | Found a sacrificial altar of Ru.
  2193 | D:3      | Became a worshipper of the Wu Jian Council
  2620 | D:3      | Reached skill level 5 in Unarmed Combat
  2907 | D:4      | Found a staircase to the Ecumenical Temple.
  2911 | D:4      | Reached * piety under Wu Jian
  2930 | D:4      | Reached XP level 6. HP: 53/53 MP: 6/6
  2960 | D:4      | Reached skill level 6 in Unarmed Combat
  3361 | D:4      | Reached skill level 1 in Fighting
  3524 | D:4      | Reached ** piety under Wu Jian
  3553 | D:4      | Found a snail-covered altar of Cheibriados.
  3782 | D:4      | Found an ancient bone altar of Kikubaaqudgha.
  3791 | D:4      | Found a stormy altar of Qazlal.
  3872 | D:5      | Entered Level 5 of the Dungeon
  3957 | D:5      | Reached XP level 7. HP: 55/56 MP: 7/7
  3969 | D:4      | Reached skill level 7 in Unarmed Combat
  4519 | D:5      | Found a radiant altar of Vehumet.
  4622 | D:5      | Found a broken altar of Ashenzari.
  4891 | D:6      | Reached skill level 8 in Unarmed Combat
  4961 | D:6      | Reached XP level 8. HP: 75/75 MP: 8/8
  5513 | D:6      | Reached skill level 9 in Unarmed Combat
  5640 | D:6      | Found a hide-covered altar of Uskayaw.
  6073 | D:7      | Reached *** piety under Wu Jian
  6112 | D:7      | Noticed a gargoyle
  6135 | D:7      | Killed a gargoyle
  6136 | D:7      | Reached skill level 10 in Unarmed Combat
  6153 | D:7      | Identified a scroll of acquirement
  6154 | D:7      | Acquired 557 gold pieces
  6161 | D:7      | Found a basalt altar of Yredelemnul.
  6170 | D:7      | Reached XP level 9. HP: 85/85 MP: 9/9
  6555 | D:8      | Reached skill level 5 in Fighting
  6572 | D:8      | Noticed an orange demon
  6616 | D:8      | Found a staircase to the Lair.
  6771 | D:8      | Noticed Amaemon
  6827 | D:9      | Reached skill level 11 in Unarmed Combat
  6869 | D:9      | Reached **** piety under Wu Jian
  6970 | D:9      | Found Orymuss's Book Boutique.
  6970 | D:9      | Noticed a walking earthen tome
  6970 | D:9      | Noticed a walking frostbound tome
  7032 | D:9      | Found a flagged portal.
  7061 | Bailey   | Entered a bailey
  7165 | Bailey   | Reached skill level 12 in Unarmed Combat
  7270 | Bailey   | Reached XP level 10. HP: 38/88 MP: 10/10
  7696 | Bailey   | Reached ***** piety under Wu Jian
  8213 | D:9      | Reached skill level 1 in Evocations
  8220 | D:9      | Reached skill level 13 in Unarmed Combat
  8997 | D:9      | Found an iron altar of Okawaru.
  9102 | D:9      | Reached XP level 11. HP: 107/109 MP: 11/11
  9119 | D:10     | Entered Level 10 of the Dungeon
  9120 | D:10     | Found a shadowy altar of Dithmenos.
  9182 | D:10     | Found Maps's Armour Shoppe.
  9208 | D:10     | Found a staircase to the Orcish Mines.
  9249 | D:10     | Bought +1 steam dragon scales for 611 gold pieces
  9439 | D:10     | Paralysed by a hornet for 3 turns
  9593 | D:10     | Noticed a two-headed ogre
  9632 | D:10     | Was forgiven by Kikubaaqudgha
  9738 | D:10     | Noticed Snorg
  9762 | D:10     | Mangled by Snorg

Illustrated notes

Levels and vault maps discovered:
D:1:      dpeg_arrival_subterranean_lakeside_camping, layout_loops_corners,
          minivault_26
D:2:      layout_basic, nicolae_ecumenical_pavilion
D:3:      layout_basic, mainiacjoe_overflow_paths,
          mainiacjoe_overflow_catwalk_spiral
D:4:      cheibrodos_greedy_goblins, layout_cave_pods, jmf_multi_god_temple2,
          mainiacjoe_overflow_brackets, temple_fountains,
          nicolae_figureground_pulse
D:5:      wad_woods_tower, layout_gridville, kennysheep_mini_moat,
          nicolae_vehumet_altar_sigil, saegor_snake_ambush
D:6:      layout_loops_corners, nicolae_uskayaw_suspiria
D:7:      layout_loops_ring, mainiacjoe_overflow_alcove_2
D:8:      layout_gridville, erik_lair_orcish_takeover, uniq_joseph, uniq_amaemon
D:9:      layout_roguey [special_room_orc], kennysheep_mini, serial_shops,
          nicolae_shop_mannequins, enter_bailey_4
D:10:     layout_roguey, grunt_dithmenos_smoke_and_mirrors, orc_david_3,
          minmay_misc_feat_tiny, uniq_snorg

Skill      XL: |  1  2  3  4  5  6  7  8  9 10 |
---------------+-------------------------------+-----
Unarmed Combat | 1 2 3 4 5 6 8 10 12 13 | 13.8
Fighting       | 1 3 4 6 7 |  7.5
Dodging        | 4 |  4.4
Evocations     | 1 |  1.0
Short Blades   | |  0.7
Throwing       | |  0.1
Stealth        | |  1.5
Spellcasting   | |  1.2
Hexes          | |  2.0

Action                     |  1- 3 |  4- 6 |  7- 9 | 10-12 || total
---------------------------+-------+-------+-------+-------++-------
  Melee: Unarmed           |    96 |   263 |   410 |   265 ||  1034
         Dagger            |     2 |       |       |       ||     2
         Punch             |     4 |    11 |    23 |    12 ||    50
  Throw: Stone             |     1 |    11 |    10 |     3 ||    25
         Dart              |       |       |     8 |     9 ||    17
 Invoke: Renounce Religion |     1 |       |       |       ||     1
Ability: Lunge             |       |    33 |    51 |    43 ||   127
         Whirlwind         |       |     2 |     8 |     1 ||    11
  Evoke: Wand              |       |       |       |     2 ||     2
    Use: Scroll            |       |       |    16 |     3 ||    19
         Potion            |       |       |       |     3 ||     3
   Stab: Sleeping          |     9 |     2 |     4 |     1 ||    16
 Armour: Robe              |    27 |    65 |   137 |    89 ||   318
         Steam dragon scal |       |       |       |    26 ||    26
  Dodge: Dodged            |    56 |   128 |   189 |   125 ||   498
  Block: Other             |       |    31 |    60 |    46 ||   137
         Reflection        |       |     1 |     1 |     1 ||     3
